 Dungeon Crawl Stone Soup version 0.27-a0-249-g74f53ef629 (webtiles) character file.

Game seed: 2099168162650270581

216 hatsuma the Sneak (level 5, -2/30 HPs)
             Began as a Vampire Enchanter on Feb 4, 2021.
             Killed from afar by an orc wizard (10 damage)
             ... with a magic dart
             ... on level 4 of the Dungeon.
             The game lasted 00:35:05 (3754 turns).

hatsuma the Sneak (Vampire Enchanter)               Turns: 3754, Time: 00:35:06

Health: -2/30      AC:  4    Str:  7    XL:     5   Next: 61%
Magic:  1/8        EV: 13    Int: 17    God:
Gold:   169        SH:  0    Dex: 16    Spells: 2/8 levels left

rFire    . . .     SeeInvis +   p - +1 dagger (venom)
rCold    + + .     Faith    .   (no shield)
rNeg     + + +     Spirit   .   b - +0 robe
rPois    ∞         Reflect  .   (no helmet)
rElec    .         Harm     .   (no cloak)
rCorr    +         Rampage  .   j - +0 pair of gloves
Will     .....                  e - +0 pair of boots
Stlth    +++++.....             (no amulet)
HPRegen  0.00/turn              f - ring of resist corrosion
MPRegen  0.11/turn              (no ring)

@: bloodless
A: fangs 3, see invisible, unbreathing
a: Bat Form, Revivify


You were on level 4 of the Dungeon.
You visited 1 branch of the dungeon, and saw 4 of its levels.

You collected 169 gold pieces.

Inventory:

Hand Weapons
 p - a +1 dagger of venom (weapon)
Missiles
 i - 2 boomerangs
 r - 16 poisoned darts (quivered)
Armour
 b - a +0 robe (worn)
 e - a +0 pair of boots (worn)
 j - a +0 pair of gloves (worn)
Jewellery
 f - a ring of resist corrosion (left hand)
Scrolls
 a - a scroll of fog {unknown}
 h - a scroll of noise
 l - a scroll of blinking {unknown}
 m - 2 scrolls of amnesia {unknown}
 n - 3 scrolls of teleportation
Potions
 c - a potion of brilliance {unknown}
 d - 2 potions of curing
 g - a potion of berserk rage
 k - a potion of heal wounds {unknown}
 o - 2 potions of attraction {unknown}
 q - a potion of mutation {unknown}


   Skills:
 - Level 2.1 Fighting
 - Level 4.0 Short Blades
 + Level 0.4 Throwing
 - Level 2.1 Dodging
 - Level 6.1 Stealth
 - Level 2.0 Spellcasting
 - Level 5.2 Hexes


You had 2 spell levels left.
You knew the following spells:

 Your Spells              Type           Power        Failure   Level
a - Corona                Hex            21%          2%          1
b - Ensorcelled Hibernat  Hex/Ice        20%          10%         2
c - Tukima's Dance        Hex            19%          7%          3

Your spell library contained the following spells:

 Spells                   Type           Power        Failure   Level
 Confusing Touch          Hex            19%          7%          3
 Dazzling Flash           Conj/Hex       20%          21%         3


Dungeon Overview and Level Annotations

Branches:
Dungeon (4/15)
 Temple: D:4-7

Altars:
Ashenzari
Makhleb

Annotations:
D:4 Pikel


Innate Abilities, Weirdness & Mutations

You do not regenerate when monsters are visible.
You are frail without blood (-20% HP).
You can heal yourself when you bite living creatures.
You are immune to poison.
You have razor-sharp teeth.
You have supernaturally acute eyesight. (SInv)
You can survive without breathing.


Message History

The iguana resists with some effort.
The iguana bites you.
* * * LOW HITPOINT WARNING * * *
An orc wizard comes into view. It is wielding a +0 dagger.
Casting: Ensorcelled Hibernation (safe; 10% risk of failure)
Confirm with . or Enter, or press ? or * to list all spells.
Okay, then.
Throw: 17 darts (poison)
Press: ? - help, Q - select action, (/) - cycle Shift-Dir - straight line, f/p - iguana
Aim: an iguana (64% to hit)
You throw a poisoned dart. The poisoned dart hits the iguana.
The iguana is poisoned.
The orc wizard shouts!
You hear a shout! x2
The iguana misses you.
The orc wizard hits you with a +0 dagger.
* * * LOW HITPOINT WARNING * * *
Okay, then.
The orc wizard gestures at you while chanting.
The magic dart hits you!
You die...

#.........# .
#....####..# #...
#..>.# # ...#
#....# #. ....
####.# #.. ##.##.
#.# #.# #.. .. #(#
#..###.##.. #.##
#...#....# #@l#
##....# ##.#
#...#<# #o##
#...#.# #..#
###.#.#..
####.####?..#.#...
#.........###......
#...†.o...###..#...
#..........##...5..
#......o.#.##...o..


You could see an iguana (poisoned), an orc priest and an orc wizard.

Vanquished Creatures
  A hound (D:4)
  Terence (D:3)
  5 adders
  2 oozes
  5 worms (D:2)
  2 dart slugs
  2 leopard geckos
  4 orcs
  14 goblins
  7 hobgoblins
  4 jackals (D:1)
  11 kobolds
  2 quokkas (D:3)
  13 bats
  2 frilled lizards
  A jackal skeleton (D:4)
  6 rats
82 creatures vanquished.

Notes
Turn   | Place    | Note
-------+----------+-------------------------------------------
     0 | D:1      | hatsuma the Vampire Enchanter began the quest for the Orb.
     0 | D:1      | Reached XP level 1. HP: 13/13 MP: 3/3
    36 | D:1      | You fall into a shaft and drop 1 floor!
   156 | D:2      | Reached XP level 2. HP: 15/15 MP: 5/5
   215 | D:3      | Reached skill level 5 in Stealth
   348 | D:2      | Reached skill level 1 in Fighting
   358 | D:2      | Learned a level 2 spell: Ensorcelled Hibernation
   614 | D:2      | Reached XP level 3. HP: 20/20 MP: 3/6
   689 | D:2      | Learned a level 3 spell: Tukima's Dance
  1123 | D:2      | Reached skill level 5 in Hexes
  1123 | D:2      | Reached XP level 4. HP: 25/25 MP: 7/7
  2129 | D:2      | Found a broken altar of Ashenzari.
  2231 | D:2      | Reached skill level 6 in Stealth
  2828 | D:3      | Noticed Terence
  2837 | D:3      | Killed Terence
  2838 | D:3      | Reached XP level 5. HP: 29/29 MP: 3/8
  3026 | D:3      | Found a burning altar of Makhleb.
  3026 | D:3      | Noticed a balrug
  3029 | D:3      | Noticed an orange demon
  3029 | D:3      | Noticed a neqoxec
  3549 | D:4      | Noticed a lemure
  3563 | D:4      | Noticed a lemure
  3564 | D:4      | Noticed a lemure
  3564 | D:4      | Noticed Pikel
  3754 | D:4      | Killed from afar by an orc wizard

Illustrated notes

Levels and vault maps discovered:
D:1:      lemuel_arrival_river_ford, layout_rooms, minmay_tromino_v2
D:2:      layout_rooms, overflow_temple_1_default
D:3:      layout_basic, makhleb_altar_promises_db, uniq_terence
D:4:      layout_rooms, minmay_cupped, uniq_pikel

Skill      XL: |  1  2  3  4  5 |
---------------+----------------+-----
Short Blades   | 2 3 4 |  4.0
Stealth        | 5 6 |  6.1
Fighting       | 1 2 |  2.1
Hexes          | 5 |  5.2
Throwing       | |  0.4
Dodging        | |  2.1
Spellcasting   | |  2.0

Action                   |  1- 3 |  4- 6 || total
-------------------------+-------+-------++-------
Melee: Dagger            |    94 |   124 ||   218
       Bite              |       |     5 ||     5
Throw: Boomerang         |     4 |    17 ||    21
       Dart              |       |     1 ||     1
 Cast: Corona            |     3 |     2 ||     5
       Ensorcelled Hiber |    12 |    39 ||    51
 Abil: Exsanguinate      |     1 |       ||     1
  Use: Scroll            |     2 |     5 ||     7
 Stab: Sleeping          |    22 |    27 ||    49
       Distracted        |     2 |       ||     2
Armor: Robe              |    27 |    26 ||    53
Dodge: Dodged            |    74 |   103 ||   177

Table legend: (Time is in decaauts)
 A = Elapsed time spent in this place.
 B = Non-inter-level travel time spent in this place.
 C = Inter-level travel time spent in this place.
 D = Time resting spent in this place.
 E = Time spent auto-exploring this place.
 F = Levels seen in this place.
 G = Mean time per level.
                   A        B        C        D        E       F      G
               +--------+--------+--------+--------+--------+-----+--------+
         Total |   3740 |   3604 |    136 |   1343 |    277 |   4 |  935.0 |
       Dungeon |   3740 |   3604 |    136 |   1343 |    277 |   4 |  935.0 |
               +--------+--------+--------+--------+--------+-----+--------+

Top non-repeatable levels by time:
     D:3: 1437 daAuts
     D:2: 1354 daAuts
     D:1: 839 daAuts
     D:4: 109 daAuts
